 Dungeon Crawl Stone Soup version 0.31-a0-968-g24f9ace8b5 (webtiles) character file.

Game seed: 1211084751304460090

37021 croobank the Geomancer (level 13, -1/187 HPs)
             Began as a Grey Draconian Delver on Oct 27, 2023.
             Was an Elder of Ashenzari.
             Slain by a wraith (11 damage)
             ... led by Josephine
             ... on level 4 of the Lair of Beasts.
             The game lasted 01:40:20 (24416 turns).

croobank the Geomancer (Grey Draconian Delver)     Turns: 24416, Time: 01:40:20

Health: -1/187     AC: 17    Str: 14    XL:     13   Next: 56%
Magic:  5/30       EV: 15    Int: 22    God:    Ashenzari [****..]
Gold:   558        SH: 12    Dex: 19    Spells: 12/38 levels left

rFire   . . .        E - +0 trident (holy)
rCold   . . .        I - +0 kite shield of the Prophetic God {Self, Alch} (curse)
rNeg    . . .        (body armour unavailable)
rPois   .            (helmet restricted)
rElec   .            L - +0 cloak of Cremastomancy {Self, Range} (curse)
rCorr   .            F - +2 pair of gloves "Adversity of Ashenzari" {Fort, Melee} (curse)
SInv    +            (no boots)
Will    .....        v - amulet "Overhang to Understand" {Acrobat, Self, Melee} (curse) Stlth
                     h - ring "Manifest Suspicion" {Dex+6, Self, Dev} (curse)
HPRegen 0.51/turn    O - ring of Ashenzari's Loss {Int+6, Bglg, Alch} (curse)
MPRegen 0.22/turn

%: acrobat, clarity
@: berserking, slowed
A: AC +13, amphibious, unfitting armour, cold-blooded
a: Renounce Religion, Curse Item, Shatter the Chains


You were on level 4 of the Lair of Beasts.
You worshipped Ashenzari.
Ashenzari was greatly pleased with you.
You visited 2 branches of the dungeon, and saw 16 of its levels.
You also visited: Ice Cave.

You collected 1062 gold pieces.
You spent 504 gold pieces at shops.

Inventory:

Hand Weapons
 a - a +0 orcbow
 e - a +3 flail of venom
 g - a +2 trident of draining
 q - a +3 dagger of speed
 w - a +2 flail of freezing
 A - a +1 heavy flail
 B - a +0 broad axe
 E - a +0 trident of holy wrath (weapon)
 G - a +5 hand axe of freezing
 H - a +4 dire flail
 N - a +4 arbalest
Missiles
 i - 3 atropa-tipped darts
 l - 8 javelins
 s - 3 silver javelins
 J - 4 curare-tipped darts (quivered)
 W - 9 poisoned darts
Armour
 F - the cursed +2 pair of gloves "Adversity of Ashenzari" (worn) {Fort, Melee}
   (You found it on level 4 of the Dungeon)

   It has a curse which improves the following skills: Fortitude: Shields.
   Melee Combat: Short Blades, Long Blades, Axes, Maces & Flails, Polearms,
   Staves and Unarmed Combat.
 I - the cursed +0 kite shield of the Prophetic God (worn) {Self, Alch}
   (You took it off a gnoll sergeant on level 8 of the Dungeon)

   It has a curse which improves the following skills: Introspection: Fighting
   and Spellcasting.
   Alchemy:   Poison Magic and Transmutations.
 K - an orb of light
 L - the cursed +0 cloak of Cremastomancy (worn) {Self, Range}
   (You found it on level 9 of the Dungeon)

   It has a curse which improves the following skills: Introspection: Fighting
   and Spellcasting.
   Ranged Combat: Ranged Weapons and Throwing.
Jewellery
 d - a ring of protection from fire
 h - the cursed ring "Manifest Suspicion" (left hand) {Dex+6, Self, Dev}
   (You found it on level 4 of the Dungeon)

   [ring of dexterity]

   Dex+6:     It affects your dexterity (+6).
   It has a curse which improves the following skills: Introspection: Fighting
   and Spellcasting.
   Devices:   Evocations and Shapeshifting.
 v - the cursed amulet "Overhang to Understand" (around neck) {Acrobat, Self, Melee}
   (You found it on level 12 of the Dungeon)

   [amulet of the acrobat]

   Acrobat:   It increases your evasion while moving and waiting.
   It has a curse which improves the following skills: Introspection: Fighting
   and Spellcasting.
   Melee Combat: Short Blades, Long Blades, Axes, Maces & Flails, Polearms,
   Staves and Unarmed Combat.
 y - a ring of willpower
 M - a +6 ring of strength
 O - the cursed ring of Ashenzari's Loss (right hand) {Int+6, Bglg, Alch}
   (You bought it in a shop on level 9 of the Dungeon)

   [ring of intelligence]

   Int+6:     It affects your intelligence (+6).
   It has a curse which improves the following skills: Beguiling: Conjurations,
   Hexes and Translocations.
   Alchemy:   Poison Magic and Transmutations.
Talismans
 k - a maw talisman
Wands
 f - a wand of digging (5)
 u - a wand of flame (32)
 D - a wand of mindburst (21)
Scrolls
 b - 4 scrolls of fog
 c - a scroll of revelation
 j - 12 scrolls of identify
 m - 2 scrolls of noise
 n - a scroll of amnesia
 p - 3 scrolls of poison
 r - 3 scrolls of teleportation
 Q - a scroll of vulnerability
 R - a scroll of torment
 U - a scroll of enchant armour
 V - a scroll of immolation
 Y - a scroll of fear
Potions
 o - a potion of attraction
 t - 2 potions of curing
 x - a potion of haste
 C - 3 potions of cancellation
 P - a potion of berserk rage
 S - a potion of enlightenment
 X - a potion of mutation
 Z - a potion of brilliance
Miscellaneous
 T - a sack of spiders (inert)


   Skills:
 + Level 10.1(14.4) Fighting
 + Level 8.7(11.4) Short Blades
 * Level 3.8(5.5) Throwing
 + Level 7.8 Dodging
 - Level 7.2 Stealth
 - Level 7.5(9.4) Shields
 + Level 8.6(13.0) Spellcasting
 * Level 8.8(10.7) Conjurations
 + Level 11.0 Earth Magic


You had 12 spell levels left.
You knew the following spells:

 Your Spells              Type           Power      Damage    Failure   Level
a - Sandblast             Erth           100%       2d20      1%          1
b - Stone Arrow           Conj/Erth      100%       3d13      1%          3
c - Brom's Barrelling Bo  Conj/Erth      58%        2d7       1%          4
d - Lee's Rapid Deconstr  Erth           29%        3d15*     3%          5
e - Bombard               Conj/Erth      29%        9d5       19%         6
f - Dazzling Flash        Conj/Hex       76%        N/A       3%          3
g - Leda's Liquefaction   Hex/Erth       19%        N/A       11%         4

Your spell library contained the following spells:

 Spells                   Type           Power      Damage    Failure   Level
 Shock                    Conj/Air       100%       1d9       1%          1
 Passwall                 Tmut/Erth      32%        N/A       1%          2
 Volatile Blastmotes      Fire/Tloc      28%        2d12      30%         3
 Swiftness                Air            14%        N/A       32%         3
 Airstrike                Air            7%         2d(1-17)  71%         4
 Starburst                Conj/Fire      18%        6d7       88%         6
 Maxwell's Capacitive Co  Air            7%         ∞         100%        8


Dungeon Overview and Level Annotations

Branches:
Dungeon (12/15)            Temple (0/1) D:6            Lair (4/5) D:9
 Shoals (0/4) Lair:2       Spider (0/4) Lair:2          Orc (0/2) D:9
  IceCv (visited)
  Slime: Lair:4-5

Altars:
Ashenzari
Cheibriados
Elyvilon
Fedhas
Hepliaklqana
Kikubaaqudgha
Makhleb
Nemelex Xobeh
Qazlal
Sif Muna
Trog
Uskayaw
Wu Jian
Yredelemnul
The Shining One

Shops:
D:8 (   D:9 =

Annotations:
D:5 exclusion: downstairs
D:12 3 runed translucent doors, Lodul; knightboat's ghost, journeyman NaHs


Innate Abilities, Weirdness & Mutations

Your dull iron-grey scales are very hard. (AC +13)
You are amphibious.
You cannot fit into any form of body armour.
You are cold-blooded and may be slowed by cold attacks.


Message History

The cane toad is almost dead.
You feel extremely sick. You block the cane toad's attack.
The wraith barely misses you. The wraith hits you but does no damage.
The wraith hits you.
* * * LOW HITPOINT WARNING * * *
The wraith drains your vigour!
You feel as though you will be slow longer.
The cane toad stings you!
* * * LOW HITPOINT WARNING * * *
You block the wraith's attack. x2; The wraith completely misses you.
The cane toad misses you.
You feel better. You block the wraith's attack.
The wraith hits you but does no damage. The wraith misses you.
You block the cane toad's attack. The wraith hits you!
* * * LOW HITPOINT WARNING * * *
The wraith barely misses you. The wraith hits you but does no damage.
The cane toad stings you!
* * * LOW HITPOINT WARNING * * *
Okay, then.
Unknown command.
Okay, then.
Okay, then.
Okay, then.
A red film seems to cover your vision as you go berserk!
You feel yourself moving faster!
You feel mighty! The cane toad closely misses you. The wraith misses you.
You block the wraith's attack. x2; The cane toad misses you.
You closely miss the cane toad. You tail-slap the cane toad.
You kill the cane toad!
You block the wraith's attack. x2; The wraith barely misses you.
The wraith hits you but does no damage. You block the wraith's attack.
The wraith closely misses you.
You hit the wraith.
The wraith convulses.
The wraith is almost destroyed.
The wraith hits you but does no damage. You block the wraith's attack.
The wraith hits you but does no damage.
You hit the wraith but do no damage.
The wraith is almost destroyed.
The wraith hits you!
You die...

,**,*,,,,,*,***,,
******#....#* *** ###*
#....##*##**
****#.P###....P##.#,,
,,,,...............,,
,,,,,,........[....,,
,,,,,,,,.).........,,
,***,*,,,#WW....#*,**
** *******#@W.#*****
##...## ###.....# ****
###.##...P# *
,#.###.#.##....######*
,....................,
,....................,
,...................,,
*####...PP......####,*


You could see 3 wraiths.

Vanquished Creatures
  Josephine (Lair:4)
  2 hydras
  A two-headed ogre (D:10)
  3 death yaks
  Sonja (Lair:1)
  A deep elf knight (D:12)
  A pharaoh ant (Lair:2)
  Pikel (D:5)
  An ugly thing (D:9)
  2 cyclopes
  4 elephants (Lair:3)
  2 manticores
  Jeremiah (D:6)
  3 cane toads
  An unseen horror (D:12)
  2 gargoyles
  4 rime drakes
  4 komodo dragons
  4 trolls
  A tarantella (Lair:2)
  8 polar bears
  4 blink frogs (Lair:2)
  5 slime creatures (D:12)
  3 wyverns
  5 wraiths
  58 yaks
  A shadow (D:11)
  2 basilisks
  5 steam dragons
  Eustachio (D:5)
  A redback (Lair:2)
  A vampire mosquito (D:11)
  Menkaure (D:6)
  6 water moccasins
  3 acid dragons
  3 orc warriors
  2 ice beasts
  5 black bears
  10 centaurs
  6 ogres
  25 wolves
  2 phantoms
  3 lemures (D:5)
  A kobold brigand (D:10)
  2 gnoll sergeants
  8 bullfrogs
  3 scorpions
  7 wights
  6 killer bees (D:7)
  2 howler monkeys
  An electric eel (Lair:3)
  A lava snake (D:7)
  4 hounds
  6 orc priests
  2 gnoll boudas
  5 jellies
  A sleepcap (D:6)
  Terence (D:3)
  4 iguanas
  13 orc wizards
  Ijyb (D:3)
  4 hell rats (Lair:3)
  10 adders
  21 gnolls
  A shadow imp (D:7)
  2 ufetubi (D:6)
  3 worms
  2 dart slugs
  33 orcs
  5 bats
  5 endoplasms
  3 giant cockroaches
  5 goblins
  5 hobgoblins
  2 jackals (D:2)
  12 kobolds
  2 quokkas
  7 ball pythons
  A frilled lizard (D:3)
  2 goblin skeletons (D:7)
  2 goblin zombies (D:7)
  4 hobgoblin zombies (D:7)
  A kobold zombie (D:7)
  An orc skeleton (D:7)
  An orc zombie (D:7)
  A quokka zombie (D:5)
  4 rats
  A rat zombie (D:5)
  A spectral goblin (D:5)
409 creatures vanquished.

Vanquished Creatures (collateral kills)
  7 boulders
7 creatures vanquished.

Vanquished Creatures (others)
  A jelly (D:7)
  An orc wizard (D:11)
  An orc (D:8)
  4 boulders
7 creatures vanquished.

Grand Total: 423 creatures vanquished

Notes
Turn   | Place    | Note
-------+----------+-------------------------------------------
     0 | D:5      | croobank the Draconian Delver began the quest for the Orb.
     0 | D:5      | Reached XP level 1. HP: 19/19 MP: 1/1
     1 | D:6      | Noticed a wight
     1 | D:6      | Noticed a wight
     1 | D:6      | Noticed a wight
     1 | D:6      | Noticed an orc priest
     1 | D:6      | Noticed an orc wizard
     1 | D:6      | Noticed a bullfrog
    17 | D:6      | Noticed Menkaure
    36 | D:6      | Killed Menkaure
    37 | D:6      | Reached skill level 5 in Stealth
    37 | D:6      | Reached XP level 2. HP: 5/27 MP: 2/2
    37 | D:6      | Reached XP level 3. HP: 7/33 MP: 3/3
    37 | D:6      | Reached XP level 4. HP: 8/40 MP: 4/4
   306 | D:4      | Reached XP level 5. HP: 28/46 MP: 5/5
   411 | D:3      | Noticed Terence
   418 | D:3      | Found a white marble altar of Elyvilon.
   423 | D:3      | Found a bloodstained altar of Trog.
   424 | D:3      | Found a basalt altar of Yredelemnul.
   980 | D:1      | Found a shimmering blue altar of Sif Muna.
  1236 | D:2      | Found a burning altar of Makhleb.
  1477 | D:2      | Reached skill level 1 in Spellcasting
  1713 | D:3      | Learned a level 1 spell: Sandblast
  1968 | D:3      | Found an ornate altar of the Wu Jian Council.
  2031 | D:3      | Noticed Ijyb
  2034 | D:3      | Paralysed by Ijyb for 2 turns
  2042 | D:3      | Paralysed by Ijyb for 2 turns
  2064 | D:3      | Killed Ijyb
  2065 | D:3      | Reached XP level 6. HP: 47/53 MP: 6/8
  2517 | D:3      | Killed Terence
  2734 | D:4      | Reached skill level 1 in Earth Magic
  2905 | D:4      | Learned a level 3 spell: Stone Arrow
  3322 | D:5      | Noticed a water moccasin
  3343 | D:5      | Killed a water moccasin
  3361 | D:5      | Your scales start taking on a dull iron-grey colour.
  3361 | D:5      | Reached skill level 2 in Earth Magic
  3361 | D:5      | Reached XP level 7. HP: 59/60 MP: 2/10
  3443 | D:5      | Learned a level 4 spell: Brom's Barrelling Boulder
  3449 | D:5      | Reached skill level 5 in Fighting
  3485 | D:5      | Reached skill level 3 in Earth Magic
  3542 | D:5      | Noticed Eustachio
  3557 | D:5      | Killed Eustachio
  3984 | D:5      | Noticed Pikel
  4080 | D:5      | Paralysed by Pikel for 3 turns
  4093 | D:5      | Killed Pikel
  4094 | D:5      | Reached skill level 4 in Earth Magic
  4094 | D:5      | Reached XP level 8. HP: 47/69 MP: 2/13
  4375 | D:5      | Found a broken altar of Ashenzari.
  4600 | D:5      | Became a worshipper of Ashenzari the Shackled
  4780 | D:5      | Found a snail-covered altar of Cheibriados.
  4835 | D:5      | Reached skill level 5 in Earth Magic
  5006 | D:5      | Found a hazy altar of Hepliaklqana.
  5208 | D:6      | Noticed a manticore
  5216 | D:6      | Killed a manticore
  5217 | D:6      | Reached skill level 5 in Short Blades
  5292 | D:6      | Reached XP level 9. HP: 57/75 MP: 10/16
  5508 | D:6      | Reached skill level 6 in Earth Magic
  5703 | D:6      | Noticed Jeremiah
  5759 | D:6      | Killed Jeremiah
  5760 | D:6      | Reached skill level 5 in Spellcasting
  6287 | D:6      | Found a burning altar of Makhleb.
  6346 | D:6      | Found a shimmering blue altar of Sif Muna.
  6411 | D:6      | Found a staircase to the Ecumenical Temple.
  6552 | D:6      | Reached skill level 7 in Earth Magic
  6912 | D:7      | Reached skill level 5 in Dodging
  7264 | D:7      | Reached XP level 10. HP: 26/86 MP: 15/19
  7656 | D:7      | Found a glowing golden altar of the Shining One.
  8020 | D:8      | Reached * piety under Ashenzari
  8027 | D:8      | Reached skill level 8 in Earth Magic
  8182 | D:8      | Found a stormy altar of Qazlal.
  8227 | D:8      | Found a hide-covered altar of Uskayaw.
  8452 | D:8      | Reached skill level 1 in Shields
  8452 | D:8      | Reached skill level 1 in Conjurations
  9255 | D:8      | Found Veapsuc's Antique Weapon Emporium.
  9460 | D:9      | Found Izxubb's Jewellery Boutique.
  9466 | D:9      | Bought a +6 ring of intelligence for 504 gold pieces
  9467 | D:9      | Reached ** piety under Ashenzari
  9474 | D:9      | Learned a level 5 spell: Lee's Rapid Deconstruction
  9523 | D:9      | Noticed a cyclops
  9525 | D:9      | Found a staircase to the Orcish Mines.
  9529 | D:9      | Noticed a green ugly thing
  9538 | D:9      | Killed a cyclops
  9552 | D:9      | Killed a green ugly thing
  9839 | D:9      | Found a blossoming altar of Fedhas.
 10792 | D:9      | Found a staircase to the Lair.
 10879 | D:9      | Reached XP level 11. HP: 97/97 MP: 23/23
 11031 | D:10     | Entered Level 10 of the Dungeon
 11122 | D:10     | Found a sparkling altar of Nemelex Xobeh.
 11254 | D:10     | Learned a level 6 spell: Bombard
 11272 | D:10     | Found an ancient bone altar of Kikubaaqudgha.
 11287 | D:10     | Noticed a two-headed ogre
 11297 | D:10     | Killed a two-headed ogre
 12264 | D:11     | Reached skill level 9 in Earth Magic
 12347 | D:11     | Reached *** piety under Ashenzari
 13336 | D:12     | Reached skill level 5 in Shields
 13336 | D:12     | Reached skill level 5 in Conjurations
 13534 | D:12     | Found a frozen archway.
 13657 | IceCv    | Entered an ice cave
 14279 | IceCv    | Noticed a death yak
 15144 | IceCv    | Reached XP level 12. HP: 51/110 MP: 5/25
 15516 | IceCv    | Noticed a death yak
 15517 | IceCv    | Noticed a death yak
 15530 | IceCv    | Killed a death yak
 15545 | IceCv    | Killed a death yak
 15693 | IceCv    | HP: 3/110 [polar bear (5)]
 16003 | IceCv    | Identified the +2 double sword "Vemios" {freeze, rF+ rCorr}
 16003 | IceCv    | Noticed a frost giant
 16109 | IceCv    | Noticed a death yak
 16110 | IceCv    | Identified the +7 shortbow of Ashenzari, Shimmering {flame,
                  | rN++ Str+2}
 16146 | IceCv    | Noticed a death yak
 16165 | D:12     | Killed a death yak
 16336 | D:12     | Found a runed translucent gate.
 16336 | D:12     | Found a runed translucent gate.
 16336 | D:12     | Found a runed translucent gate.
 16339 | D:12     | Noticed knightboat's ghost (journeyman NaHs)
 16473 | D:12     | HP: 1/110 [komodo dragon (14)]
 16877 | D:12     | Reached skill level 10 in Earth Magic
 17682 | D:12     | a slime creature changed into an anaconda
 17682 | D:12     | Noticed an anaconda (shapeshifter)
 17684 | D:12     | an anaconda changed into a snapping turtle
 17703 | D:12     | Noticed Lodul
 18105 | Lair:1   | Entered Level 1 of the Lair of Beasts
 18695 | Lair:1   | Learned a level 3 spell: Dazzling Flash
 19065 | Lair:1   | Noticed Sonja
 19077 | Lair:1   | Killed Sonja
 19136 | Lair:1   | You fall into a shaft and drop 1 floor!
 19655 | Lair:1   | Reached skill level 1 in Throwing
 20438 | Lair:2   | Reached XP level 13. HP: 119/119 MP: 7/28
 22253 | Lair:2   | Found a hole to the Spider Nest.
 22865 | Lair:2   | Found a staircase to the Shoals.
 23010 | Lair:2   | Reached **** piety under Ashenzari
 23274 | Lair:3   | Found a snail-covered altar of Cheibriados.
 23921 | Lair:3   | Reached skill level 10 in Fighting
 24056 | Lair:3   | Learned a level 4 spell: Leda's Liquefaction
 24386 | Lair:4   | Noticed Josephine
 24400 | Lair:4   | Killed Josephine
 24401 | Lair:4   | Reached skill level 11 in Earth Magic
 24412 | Lair:4   | HP: 5/125 [cane toad (11)]
 24416 | Lair:4   | Slain by a wraith

Illustrated notes

Levels and vault maps discovered:
D:1:      dpeg_arrival_water_altar, layout_rooms, minmay_misc_feat_enclosed,
          grunt_decor_junction, minmay_misc_feat_encased, serial_park_tiny_pond
D:2:      layout_rooms, basic_altar, nicolae_the_louvre
D:3:      layout_loops_ring, nzn_wu_jian_contemplation,
          chequers_temple_overflow_statue_of_worship, dk_noncrumbling_3,
          kennysheep_decorative_pillar, minmay_liquid_box, uniq_ijyb,
          uniq_terence
D:4:      layout_basic, minmay_gold_behind_fungi
D:5:      layout_basic, kennysheep_little_box,
          nicolae_hepliaklqana_monster_ancestors, nicolae_ashenzari_skybound,
          enter_ossuary_4, nicolae_elevator_lobby_plus, uniq_pikel,
          uniq_eustachio
D:6:      layout_loops_ring, mainiacjoe_overflow_small_starburst,
          mainiacjoe_overflow_catwalk, minmay_temple_entry_poolview,
          grunt_ministairs_14, eino_tiny_chamber, uniq_menkaure, uniq_jeremiah
D:7:      layout_basic, nicolae_tso_besieged_by_evil, kennysheep_generic_room_2
D:8:      layout_basic, old_standard_altar, nicolae_uskayaw_dance_hall,
          serial_shops, shop_fountains
D:9:      layout_rooms, fedhas_bush_and_centaur_altar,
          grunt_lair_entry_orc_guard_hut, serial_shops, shop
D:10:     layout_roguey, mainiacjoe_overflow_alcove_1,
          mainiacjoe_overflow_concentric_impassable
D:11:     layout_rooms, kennysheep_dice
D:12:     minmay_concentric_multi, layout_basic, portal_ice_cave_rime,
          biasface_ghost_orc_armoury, uniq_lodul
Lair:1:   layout_regular_city, uniq_sonja
Lair:2:   layout_misc_corridors, minmay_shoals_entry_centaurs,
          nicolae_spider_entry_lesser_pyramids, grunt_megastairs_5,
          serial_bayou_shore_b
Lair:3:   layout_misc_corridors, basic_altar, infiniplex_staircase_pool,
          serial_bayou_shore_a
Lair:4:   dreamdust_cave_troll, layout_long_grid, grunt_megastairs_3, uniq_urug,
          uniq_josephine, uniq_nessos

Skill      XL: |  1  2  3  4  5  6  7  8  9 10 11 12 13 |
---------------+----------------------------------------+-----
Fighting       | 4 5 6 7 8 9 10 | 10.1
Short Blades   | 3 4 5 6 7 8 |  8.7
Dodging        | 2 3 4 5 6 7 |  7.8
Stealth        | 5 6 7 |  7.2
Spellcasting   | 1 2 3 4 6 7 8 |  8.6
Earth Magic    | 2 4 5 7 8 9 10 11 | 11.0
Shields        | 3 6 7 |  7.5
Conjurations   | 3 6 7 8 |  8.8
Throwing       | 1 3 |  3.8

Action                     |  1- 3 |  4- 6 |  7- 9 | 10-12 | 13-15 || total
---------------------------+-------+-------+-------+-------+-------++-------
  Melee: Short sword       |    15 |   338 |   186 |       |       ||   539
         Tailslap          |     4 |    44 |    39 |   236 |    26 ||   349
         Punch             |       |     3 |     4 |    22 |       ||    29
         Trident           |       |       |    96 |   113 |    13 ||   222
         Dire flail        |       |       |    76 |   145 |       ||   221
         Dagger            |       |       |       |   849 |   154 ||  1003
  Throw: Javelin           |       |     6 |     9 |     2 |       ||    17
         Throwing net      |       |       |       |     2 |       ||     2
         Dart              |       |       |       |       |     1 ||     1
   Cast: Sandblast         |       |     5 |    39 |     7 |     3 ||    54
         Stone Arrow       |       |     2 |    31 |     9 |    18 ||    60
         Brom's Barrelling |       |       |     2 |    13 |     4 ||    19
         Lee's Rapid Decon |       |       |       |   160 |    64 ||   224
         Dazzling Flash    |       |       |       |       |     7 ||     7
         Bombard           |       |       |       |       |     4 ||     4
         Leda's Liquefacti |       |       |       |       |     2 ||     2
 Invoke: Curse Item        |       |       |     1 |     4 |     1 ||     6
  Evoke: Wand              |       |     3 |    11 |    34 |    16 ||    64
         Sack of spiders   |       |       |       |     2 |     1 ||     3
    Use: Potion            |     1 |     1 |    11 |    13 |     2 ||    28
         Scroll            |       |     1 |    14 |    13 |     2 ||    30
   Stab: Sleeping          |       |    12 |     7 |     5 |     1 ||    25
         Distracted        |       |     1 |     1 |     1 |       ||     3
         Paralysed         |       |     3 |     6 |     6 |     3 ||    18
         Held in net/web   |       |       |       |     2 |       ||     2
         Invisible         |       |       |       |     1 |     8 ||     9
 Armour: Skin              |     1 |   176 |   305 |   592 |   112 ||  1186
  Dodge: Dodged            |     5 |   184 |   255 |   690 |   110 ||  1244
  Block: Kite shield       |       |       |       |    38 |   122 ||   160

Table legend: (Time is in decaauts)
 A = Elapsed time spent in this place.
 B = Non-inter-level travel time spent in this place.
 C = Inter-level travel time spent in this place.
 D = Time resting spent in this place.
 E = Time spent auto-exploring this place.
 F = Levels seen in this place.
 G = Mean time per level.
                   A        B        C        D        E       F      G
               +--------+--------+--------+--------+--------+-----+--------+
         Total |  23915 |  23334 |    581 |   9881 |   8458 |  17 | 1406.8 |
       Dungeon |  15486 |  15006 |    480 |   5100 |   6515 |  12 | 1290.5 |
          Lair |   6189 |   6088 |    101 |   3287 |   1757 |   4 | 1547.2 |
      Ice Cave |   2239 |   2239 |      0 |   1493 |    186 |   1 | 2239.0 |
               +--------+--------+--------+--------+--------+-----+--------+

Top non-repeatable levels by time:
  Lair:1: 3395 daAuts
   IceCv: 2239 daAuts
     D:5: 2114 daAuts
  Lair:2: 1869 daAuts
     D:8: 1843 daAuts
    D:12: 1650 daAuts
    D:11: 1545 daAuts
     D:6: 1499 daAuts
     D:7: 1417 daAuts
    D:10: 1255 daAuts
     D:9: 1186 daAuts
     D:3: 882 daAuts
     D:4: 872 daAuts
  Lair:3: 787 daAuts
     D:2: 701 daAuts
